Map: Rhoskallian LE

Players

Thought - Winner!

  • Race: Zerg Zerg
  • League: Diamond
  • Spawn Location: 6:00

AMBERLAMPS - Winner!

  • Race: Protoss Protoss
  • League: Platinum
  • Spawn Location: 5:00

qqq

  • Race: Zerg Zerg
  • League: Platinum
  • Spawn Location: 11:00

Massa

  • Race: Terran Terran
  • League: Gold
  • Spawn Location: 12:00

VOD

Have the link to the VOD?

Description

Time

  • Played on: May 30, 2020, 4:48 a.m.
  • Length: 17:09
Show
View Real Time Build Order
Export as new Build Order

Thought Zerg - Winner!

Build Orders: Hatch First, Lurkers, Muta Ling Bane, Zergling Baneling 

Get SALT Encoding   

  12  0:01  Drone  
  13  0:13  Overlord  
  13  0:20  Drone  
  14  0:31  Drone x2  
  16  0:49  Drone  
  17  0:56  Hatchery  
  16  0:58  Drone  
  16  1:02  Drone  
  18  1:13  Extractor  
  18  1:18  Spawning Pool  
  16  1:21  Drone  
  16  1:25  Drone  
  18  1:35  Drone  
  19  1:40  Drone  
  20  1:59  Overlord  
  20  2:08  Queen  
  20  2:09  Queen  
  20  2:10  Zergling x4  
  20  2:13  Metabolic Boost  
  26  2:21  Overlord  
  26  2:25  Drone  
  26  2:26  Drone  
  28  2:41  Drone x3  
  31  2:46  Queen  
  33  2:52  Baneling Nest  
  32  2:58  Overlord  
  32  3:03  Drone x2  
  34  3:09  Overlord  
  34  3:36  Zergling x2  
  34  3:37  Hatchery, Zergling x6  
  36  3:52  Zergling x12  
  42  3:57  Drone  
  42  3:58  Drone x2  
  45  4:05  Lair  
  45  4:12  Baneling x5  
  45  4:17  Baneling  
  45  4:23  Zergling x8  
  37  4:47  Zergling x14  
  37  4:52  Baneling  
  42  4:53  Baneling  
  42  4:58  Zergling x12  
  42  4:59  Queen  
  48  5:02  Zergling x2  
  48  5:04  Baneling x2  
  50  5:16  Zergling x6  
  50  5:17  Zergling x6  
  45  5:25  Zergling x4  
  45  5:31  Baneling x3  
  45  5:33  Zergling x6  
  45  5:34  Zergling x4  
  48  5:43  Zergling x8  
  48  5:44  Baneling  
  51  5:51  Drone  
  51  5:52  Drone  
  51  5:53  Queen  
  55  6:01  Extractor x2  
  53  6:05  Extractor, Baneling  
  53  6:06  Baneling x2  
  52  6:19  Zergling x10  
  57  6:39  Overlord x3  
  48  6:50  Zergling x18  
  48  6:58  Centrifical Hooks  
  44  7:07  Zergling x2  
  44  7:08  Zergling x4  
  47  7:10  Baneling x2  
  47  7:23  Spire  
  46  7:30  Evolution Chamber  
  46  7:34  Evolution Chamber  
  44  7:43  Drone  
  44  7:44  Drone x2  
  46  7:45  Drone  
  46  7:48  Drone  
  44  7:58  Drone x3  
  43  8:05  Drone  
  46  8:06  Drone  
  46  8:08  Drone  
  48  8:13  Overlord  
  48  8:18  Drone x2  
  50  8:21  Drone  
  51  8:37  Mutalisk x3  
  51  8:38  Mutalisk  
  59  8:44  Mutalisk x2  
  63  8:51  Mutalisk x2  
  67  8:55  Drone  
  67  8:56  Drone  
  69  9:07  Zerg Ground Armor Level 1  
  69  9:09  Drone x5  
  74  9:12  Drone  
  74  9:13  Drone  
  72  9:41  Drone x11  
  83  9:47  Overseer  
  83  9:49  Hatchery, Overlord x2  
  82  10:10  Hydralisk Den  
  82  10:11  Zerg Missile Weapons Level 1  
  81  10:17  Roach Warren  
  81  10:20  Drone  
  81  10:21  Drone x5, Zergling x2  
  86  10:22  Zergling x20  
  86  10:25  Overlord  
  96  10:32  Zerg Flyer Weapons Level 1  
  96  10:39  Hydralisk  
  96  10:40  Hydralisk x3  
  96  10:41  Overlord  
  104  10:47  Lurker Den  
  104  10:48  Overlord  
  103  10:52  Baneling  
  103  10:53  Baneling x12  
  103  11:01  Queen  
  105  11:04  Hydralisk  
  105  11:05  Hydralisk x2  
  105  11:11  Overlord x2  
  111  11:16  Drone x4  
  111  11:17  Drone x2  
  117  11:20  Queen  
  119  11:28  Drone x6  
  119  11:32  Muscular Augments  
  125  11:34  Extractor  
  125  11:36  Extractor  
  120  11:48  Zergling x20  
  127  11:54  Hydralisk  
  127  11:55  Hydralisk  
  129  12:06  Hydralisk x3  
  115  12:16  Baneling  
  115  12:28  Hydralisk x6  
  127  12:39  Lurker x4  
  131  12:44  Baneling x3  
  131  12:49  Overlord x3  
  131  13:05  Overlord x4  
  131  13:08  Hatchery x2  
  131  13:09  Grooved Spines, Overlord x2  
  131  13:10  Queen  
  131  13:29  Baneling x10  
  131  13:36  Zerg Ground Armor Level 2  
  131  13:38  Infestation Pit  
  131  13:41  Spore Crawler  
  127  13:42  Spore Crawler  
  124  13:52  Hydralisk x5  
  127  14:03  Zerg Missile Weapons Level 2  
  127  14:05  Zergling x24  
  133  14:21  Queen  
  125  14:26  Extractor  
  125  14:27  Queen  
  126  14:31  Baneling  
  126  14:32  Extractor, Baneling x10  
  126  14:34  Zergling x28  
  139  14:46  Hive  
  134  15:08  Spore Crawler x2  
  134  15:09  Drone x6  
  134  15:10  Drone x9  
  134  15:11  Spore Crawler  
  134  15:13  Queen  
  148  15:55  Spore Crawler  
  147  15:58  Hydralisk  
  147  15:59  Hydralisk x12  
  146  16:38  Hydralisk x5  
  146  16:39  Hydralisk x2  
  154  16:41  Zergling x24  
Show
View Real Time Build Order
Export as new Build Order

AMBERLAMPS Protoss - Winner!

Build Orders: 1 Gate Expand, Carriers 

Get SALT Encoding   

  12  0:00  Probe  
  13  0:13  Probe  
  14  0:19  Pylon  
  14  0:25  Probe  
  15  0:38  Gateway  
  15  0:47  Probe (Chrono Boost)  
  16  0:55  Assimilator  
  17  0:58  Probe (Chrono Boost)  
  17  1:02  Probe (Chrono Boost)  
  18  1:13  Probe (Chrono Boost)  
  19  1:25  Probe (Chrono Boost)  
  20  1:32  Probe (Chrono Boost)  
  21  1:38  Nexus  
  21  1:39  Probe  
  21  1:43  Pylon  
  22  1:54  Cybernetics Core  
  22  2:13  Probe  
  23  2:22  Assimilator  
  23  2:25  Probe  
  23  2:29  Warp Gate (Chrono Boost)  
  23  2:30  Stalker  
  25  2:37  Probe  
  26  2:49  Gateway  
  26  2:50  Robotics Facility  
  26  2:53  Pylon  
  26  2:54  Probe x2  
  28  3:06  Probe  
  28  3:09  Probe  
  30  3:18  Probe, Sentry  
  33  3:21  Probe  
  34  3:31  Probe  
  35  3:46  Observer  
  36  4:05  Pylon, Assimilator  
  36  4:18  Sentry  
  36  4:20  Zealot  
  40  4:30  Immortal  
  38  4:49  Stalker x2  
  31  5:13  Stalker x2  
  31  5:26  Probe x2  
  33  5:38  Probe x2  
  33  5:40  Zealot  
  33  5:41  Zealot  
  39  5:50  Probe  
  39  5:51  Probe  
  39  5:52  Observer  
  39  5:53  Stargate  
  39  5:54  Stargate  
  41  5:57  Pylon  
  41  5:59  Pylon  
  41  6:02  Probe  
  41  6:03  Probe  
  43  6:10  Gateway  
  43  6:11  Gateway  
  43  6:15  Probe x2  
  43  6:21  Stalker x2  
  47  6:27  Probe x2  
  47  6:28  Immortal  
  53  6:39  Probe  
  52  6:54  Stalker x2  
  56  7:15  Stalker x2  
  58  7:19  Immortal  
  62  7:31  Probe (Chrono Boost)  
  62  7:36  Probe (Chrono Boost)  
  64  7:38  Probe (Chrono Boost), Assimilator  
  64  7:39  Pylon  
  64  7:42  Probe, Stalker x2  
  64  7:43  Sentry  
  72  7:44  Zealot  
  72  7:49  Probe  
  75  7:54  Probe  
  76  8:01  Probe  
  77  8:06  Probe  
  77  8:11  Void Ray  
  82  8:13  Probe  
  82  8:18  Probe  
  82  8:19  Pylon  
  84  8:25  Probe  
  85  8:30  Probe  
  86  8:37  Void Ray  
  86  8:38  Probe  
  91  8:42  Probe  
  92  8:53  Zealot  
  94  9:02  Nexus  
  94  9:05  Pylon x2  
  94  9:07  Pylon  
  94  9:08  Twilight Council  
  94  9:11  Pylon  
  94  9:25  Zealot, Stalker x2  
  94  9:26  Zealot, Forge  
  94  9:28  Forge  
  102  9:36  Probe x2  
  104  9:43  Assimilator  
  104  9:44  Void Ray x2  
  112  9:47  Assimilator  
  112  9:48  Probe x2  
  114  9:56  Fleet Beacon  
  114  10:00  Probe  
  114  10:03  Stalker  
  114  10:04  Stalker  
  119  10:09  Probe  
  119  10:11  Observer  
  119  10:12  Probe  
  121  10:14  Probe  
  121  10:19  Protoss Shields Level 1  
  122  10:21  Probe  
  122  10:22  Protoss Ground Weapons Level 1  
  122  10:24  Probe  
  122  10:26  Probe  
  125  10:33  Probe  
  126  10:36  Probe  
  126  10:42  Protoss Air Weapons Level 1  
  127  10:46  Tempest x2  
  137  10:51  Stalker  
  137  10:52  Stalker  
  141  11:01  Pylon  
  141  11:03  Pylon  
  141  11:08  Pylon  
  141  11:31  Zealot x3  
  141  11:32  Zealot  
  149  11:36  Charge  
  149  11:38  Nexus  
  149  11:41  Pylon  
  149  11:43  Pylon  
  101  12:30  Zealot x3  
  101  12:31  Zealot  
  101  12:37  Carrier x2 (Chrono Boost)  
  121  13:09  Stalker x2  
  121  13:10  Stalker x2  
  129  13:22  Protoss Shields Level 2  
  129  13:26  Probe  
  131  13:27  Probe x3  
  131  13:28  Carrier x2 (Chrono Boost), Protoss Air Weapons Level 2 (Chrono Boost)  
  145  13:39  Probe x4  
  149  13:44  Stalker x2  
  149  13:45  Stalker x2  
  157  13:51  Probe x4  
  161  14:06  Mothership  
  169  14:13  Probe x3, Assimilator  
  169  14:15  Assimilator  
  172  14:25  Probe x2  
  174  14:34  Templar Archives  
  174  14:48  Nexus  
  174  15:14  Pylon  
  174  15:17  Pylon  
  174  15:21  Photon Cannon  
  173  15:23  Photon Cannon  
  173  15:26  Photon Cannon  
  173  15:29  Shield Battery  
  173  15:34  Shield Battery  
  173  15:37  Shield Battery  
  173  15:38  Stalker  
  173  15:39  Stalker x2  
  173  15:40  Stalker  
  173  15:42  Carrier x2 (Chrono Boost)  
  193  16:00  Nexus  
  193  16:02  Pylon  
  193  16:05  Pylon  
  193  16:09  Pylon  
Show
View Real Time Build Order
Export as new Build Order

qqq Zerg 

Build Orders: Hatch First 

Get SALT Encoding   

  12  0:02  Drone  
  13  0:08  Drone  
  14  0:40  Hatchery  
  13  0:53  Spawning Pool  
  12  0:59  Overlord  
  12  1:04  Drone  
  12  1:08  Drone  
  14  1:16  Extractor, Drone  
  14  1:28  Drone  
  15  1:34  Drone  
  16  1:42  Queen  
  16  1:44  Zergling x2  
  19  1:54  Queen  
  19  1:58  Drone  
  22  2:02  Zergling x2  
  23  2:09  Zergling x2  
  23  2:11  Drone  
  25  2:17  Drone  
  25  2:22  Metabolic Boost  
  26  2:30  Overlord  
  26  2:33  Zergling x2  
  27  2:37  Drone  
  28  2:44  Baneling Nest  
  28  2:47  Drone  
  28  2:55  Drone  
  28  2:57  Drone  
  28  2:58  Zergling x2  
  31  3:01  Zergling x2  
  32  3:07  Overlord  
  32  3:09  Zergling x2  
  33  3:14  Zergling x2  
  33  3:15  Drone  
  33  3:19  Zergling x2  
  36  3:24  Overlord  
  36  3:34  Roach Warren  
  36  3:38  Zergling x4  
  37  3:41  Baneling x2  
  37  3:43  Baneling  
  37  3:44  Baneling  
  37  3:45  Baneling  
  37  3:49  Drone  
  37  3:51  Drone  
  37  3:53  Drone  
  40  3:56  Zergling x2  
  40  4:00  Zergling x2  
  42  4:14  Zergling x4  
  42  4:15  Drone  
  42  4:16  Drone, Zergling x4  
  48  4:19  Roach  
  50  4:26  Drone  
  50  4:28  Overlord  
  50  4:30  Overlord  
  41  4:52  Zergling x2  
  41  4:53  Roach  
  41  4:54  Roach x5  
  52  5:18  Roach  
  52  5:19  Roach x2  
  52  5:20  Roach x2  
  52  5:21  Zergling x2  
  58  5:28  Zergling x2  
  59  5:36  Roach x2  
  63  5:47  Roach  
  65  5:52  Hatchery  
  65  5:54  Extractor  
  65  5:56  Drone x2  
  65  6:00  Roach  
  66  6:24  Overlord x4  
  66  6:29  Overlord x2  
  54  6:59  Roach x4  
  54  7:00  Roach x2  
  58  7:16  Ravager  
  58  7:20  Drone x2  
  58  7:21  Drone  
  62  7:24  Drone x2  
  62  7:29  Drone, Queen  
  58  7:56  Hatchery, Ravager  
  56  7:58  Lair  
  56  7:59  Drone  
  56  8:00  Drone x2  
  56  8:01  Zergling x8  
  56  8:02  Zergling x6  
  56  8:03  Zergling x10  
  71  8:10  Hatchery  
  70  8:28  Zergling x4  
  70  8:29  Zergling x4  
  70  8:30  Roach x2  
  78  8:34  Hatchery  
  78  8:38  Spine Crawler  
  78  8:40  Drone  
  77  8:41  Drone  
  77  8:42  Spine Crawler  
  77  8:44  Spore Crawler  
  77  8:46  Spore Crawler  
  77  8:48  Spore Crawler  
  74  9:00  Glial Reconstitution  
  74  9:04  Extractor, Zergling x2  
  74  9:05  Zergling x4, Roach  
  74  9:06  Roach  
  80  9:37  Spire  
  79  9:42  Spore Crawler x3  
  79  9:44  Spore Crawler  
  79  9:45  Drone x6  
  79  9:46  Drone  
  82  9:53  Drone x2  
  82  9:54  Drone  
  85  10:10  Zergling x8, Roach x2  
  93  10:17  Drone x2  
  93  10:18  Drone x2  
  97  10:21  Drone  
  97  10:22  Extractor  
  97  10:27  Drone  
  97  10:28  Drone  
  99  10:30  Spine Crawler  
  99  10:33  Drone x2  
  100  10:53  Spore Crawler  
  100  10:54  Mutalisk x3  
  100  10:55  Mutalisk  
  100  10:56  Mutalisk x2  
  111  11:11  Extractor, Drone  
  111  11:12  Drone x3  
  111  11:14  Zerg Flyer Weapons Level 1  
  111  11:21  Spore Crawler  
  110  11:27  Spore Crawler  
  110  11:28  Mutalisk x2  
  112  11:39  Spore Crawler x2  
  110  11:44  Drone x3  
  110  11:45  Drone x5  
  88  12:07  Mutalisk x3  
  76  12:09  Corruptor  
  76  12:13  Drone x3  
  63  12:26  Mutalisk  
  65  12:33  Drone x4  
  69  12:47  Mutalisk  
  69  12:48  Mutalisk x4  
  79  12:57  Mutalisk  
  81  13:05  Infestation Pit  
  80  13:06  Drone x3  
  80  13:07  Drone  
  80  13:08  Overlord  
  80  13:12  Zerg Flyer Armor Level 1  
  84  13:19  Hatchery  
  83  13:29  Mutalisk x2  
  83  13:31  Corruptor  
  83  13:33  Drone x3  
  83  13:34  Drone  
  91  13:59  Drone x2  
  91  14:00  Mutalisk x4  
  99  14:18  Hatchery  
  99  14:23  Mutalisk x3  
  104  14:38  Mutalisk x2  
  108  14:56  Hatchery  
  108  14:59  Hatchery  
  104  15:10  Mutalisk x3  
  104  15:11  Mutalisk  
  112  15:33  Drone x4  
  112  15:38  Mutalisk  
  112  15:42  Hive  
  114  15:45  Drone  
  114  15:49  Extractor  
  114  16:13  Drone x2  
  114  16:14  Spine Crawler  
  114  16:17  Drone, Spine Crawler  
  115  16:27  Drone  
  116  16:32  Corruptor  
  116  16:33  Corruptor x4  
  116  16:39  Drone x3  
  130  16:40  Drone x5  
Show
View Real Time Build Order
Export as new Build Order

Massa Terran 

Build Orders:  

Get SALT Encoding   

  12  0:17  SCV  
  12  0:20  Supply Depot  
  13  0:29  SCV  
  14  0:48  SCV, Barracks  
  15  0:55  Refinery  
  15  1:00  SCV  
  16  1:12  SCV  
  16  1:14  Supply Depot  
  17  1:24  SCV  
  18  1:36  SCV, Marine  
  20  1:40  Supply Depot  
  20  1:48  SCV  
  20  1:54  Marine  
  22  2:00  SCV  
  23  2:04  Barracks  
  23  2:13  Barracks  
  23  2:14  Marine  
  24  2:31  Marine  
  24  2:49  Barracks, Marine  
  25  2:51  Marine  
  25  2:57  Supply Depot  
  25  2:58  Orbital Command  
  26  3:01  Marine  
  27  3:07  Marine  
  27  3:09  Marine  
  29  3:19  Marine  
  30  3:25  Marine  
  31  3:27  Marine  
  31  3:31  Factory  
  32  3:42  Marine x2  
  32  3:43  Marine  
  32  3:45  Marine  
  36  3:59  Marine  
  36  4:00  Marine x2  
  39  4:02  Marine  
  40  4:16  Factory Tech Lab  
  40  4:17  Marine x2, Supply Depot  
  40  4:18  Marine  
  40  4:20  Marine  
  44  4:28  Supply Depot  
  44  4:35  Marine x2  
  44  4:36  Marine  
  47  4:44  Marine  
  48  4:53  Marine x2  
  48  4:54  Marine  
  51  5:02  Marine  
  43  5:25  Marine x4  
  32  5:31  Siege Tank  
  35  5:43  Marine x3  
  39  5:53  Barracks Tech Lab  
  38  5:58  Command Center  
  38  6:01  Marine  
  38  6:03  Marine  
  38  6:04  Marine  
  41  6:19  Marine  
  41  6:22  Marauder, Marine  
  45  6:43  Marauder  
  42  6:50  Marine x3  
  29  7:02  Siege Tank  
  29  7:04  SCV  
  29  7:05  Marauder  
  35  7:20  Barracks Reactor  
  35  7:21  Combat Shield  
  35  7:23  SCV  
  35  7:26  Marauder  
  38  7:30  SCV  
  38  7:35  SCV  
  40  7:42  SCV  
  41  7:46  Marine x2  
  41  7:47  SCV, Marauder  
  46  7:54  SCV  
  47  8:00  SCV  
  47  8:01  Engineering Bay  
  47  8:03  Marine  
  47  8:04  Marine  
  50  8:06  SCV  
  50  8:09  Marauder  
  50  8:12  SCV, Marine  
  54  8:15  Marine  
  54  8:18  SCV  
  57  8:21  Marine  
  57  8:24  SCV  
  57  8:27  Marine  
  59  8:30  SCV, Marauder, Marine  
  59  8:32  Marine  
  65  8:34  Siege Tank  
  65  8:40  Refinery  
  68  8:50  Missile Turret  
  68  8:51  Marauder  
  68  8:54  Missile Turret  
  70  9:07  Orbital Command  
  70  9:11  Missile Turret  
  70  9:13  Marauder  
  70  9:16  Missile Turret  
  72  9:34  Missile Turret  
  72  9:35  Missile Turret  
  72  9:40  Missile Turret  
  72  9:44  Terran Infantry Weapons Level 1  
  72  9:50  Armory  
  71  10:01  Command Center  
  71  10:15  Missile Turret  
  71  10:19  Stimpack  
  70  10:31  Missile Turret  
  70  10:36  Missile Turret  
  70  10:41  Missile Turret  
  70  10:52  Missile Turret  
  72  10:57  Marauder  
  72  10:58  Barracks Reactor, Barracks Tech Lab  
  72  10:59  Marine x2  
  74  11:05  Terran Vehicle Weapons Level 1  
  74  11:17  Marine x2  
  78  11:18  Marauder  
  78  11:23  SCV x2  
  80  11:35  Smart Servos, Marine, SCV  
  80  11:36  SCV  
  80  11:38  Terran Infantry Armor Level 1  
  80  11:39  Marauder  
  85  11:48  SCV x2  
  87  12:00  SCV  
  70  12:11  Marauder x2, Marine x2  
  70  12:12  Marine x2  
  52  12:20  Siege Tank  
  52  12:22  Bunker  
  52  12:25  SCV  
  52  12:29  Marine x4  
  55  12:30  Refinery  
  55  12:32  Marauder x2  
  55  12:36  SCV  
  63  12:47  Marine x4  
  63  12:48  SCV  
  63  12:53  Marauder x2  
  63  12:57  Siege Tank  
  66  13:00  SCV  
  66  13:05  Marine x4  
  69  13:11  Engineering Bay  
  69  13:12  SCV  
  72  13:14  Marine  
  72  13:15  Marauder  
  72  13:18  Command Center  
  75  13:22  Marine x2  
  75  13:24  Supply Depot  
  77  13:28  Refinery  
  77  13:32  Marine  
  78  13:46  Marine, Siege Tank  
  82  13:48  Supply Depot  
  82  13:50  Marauder  
  84  14:03  Factory  
  84  14:04  Marauder  
  84  14:09  Terran Infantry Armor Level 2  
  86  14:10  SCV x2  
  86  14:12  Supply Depot  
  86  14:16  Marine  
  86  14:17  Marauder, Marine x2  
  91  14:18  Marine  
  94  14:25  Supply Depot  
  94  14:28  Supply Depot  
  94  14:29  Marauder, Siege Tank  
  99  14:32  Supply Depot  
  99  14:43  Starport  
  99  14:54  Factory Tech Lab  
  99  15:13  Thor  
  99  15:14  Thor  
  111  15:18  Marauder x2, Marine x2  
  117  15:37  SCV  
  117  15:38  SCV  
  117  15:39  Marauder  
  121  15:49  SCV  
  122  15:56  Thor  
  91  16:33  Marine  
  91  16:34  Marauder x2, Marine x3  
Tags
 
Add a new tag
Caveats
  • Supply blocks, unpowered buildings, or Contaminate may cause inaccurate times.
  • Supply counts are checked every 10 seconds.